 Dungeon Crawl Stone Soup version 0.20.1-1-g8b1a95d66d (webtiles) character file.

1775 KoningWillie the Carver (level 8, -10/70 HPs)
             Began as a Minotaur Fighter on Oct 27, 2017.
             Was a Priest of Zin.
             Killed from afar by an electric eel (13 damage)
             ... with a bolt of electricity
             ... in a bailey on Nov 17, 2017.
             The game lasted 00:30:37 (6868 turns).

KoningWillie the Carver (Minotaur Fighter)          Turns: 6868, Time: 00:30:38

Health: -10/70     AC: 15    Str: 23    XL:     8   Next: 80%
Magic:  9/10       EV:  5    Int:  5    God:    Zin [***...]
Gold:   206        SH: 10    Dex: 10    Spells: 11/11 levels left

rFire    . . .     SeeInvis .   a - +1 long sword
rCold    . . .     Gourm    .   c - +0 shield
rNeg     + . .     Faith    .   m - +1 plate armour
rPois    .         Spirit   .   (helmet restricted)
rElec    .         Reflect  .   (no cloak)
rCorr    .         Harm     .   (no gloves)
MR       .....                  x - +0 pair of boots
Stlth    ..........             (no amulet)
Regen    0.3/turn               n - ring of positive energy
MPRegen  0.2/turn               (no ring)

@: very slightly contaminated, hasted, very quick
A: retaliatory headbutt, horns 2
a: Recite, Vitalisation, Imprison, Donate Gold, Renounce Religion


You were in a bailey.
You worshipped Zin.
Zin was most pleased with you.
You were not hungry.

You visited 2 branches of the dungeon, and saw 8 of its levels.
You also visited: Sewer and Bailey.

You collected 228 gold pieces.
You donated 22 gold pieces to Zin.

Inventory:

Hand Weapons
 a - a +1 long sword (weapon)
Armour
 b - a +0 scale mail
 c - a +0 shield (worn)
 e - a +0 plate armour
 m - a +1 plate armour (worn)
 x - a +0 pair of boots (worn)
Jewellery
 n - a ring of positive energy (left hand)
Wands
 o - a wand of confusion (38/48)
Scrolls
 d - 2 scrolls of identify
 i - 2 scrolls of remove curse
 k - a scroll of recharging
 l - 2 scrolls of random uselessness
 p - a scroll of magic mapping
 u - 3 scrolls of teleportation
 z - a scroll of enchant armour
 B - a scroll of amnesia
Potions
 g - 2 potions of haste
 r - 3 potions of brilliance {unknown}
 v - 2 potions of curing {unknown}
 w - 2 potions of heal wounds {unknown}
 A - a potion of lignification {unknown}
Books
 t - a book of Air

   Spells                             Type                      Level
   a - Shock                          Conjuration/Air              1
   b - Swiftness                      Charms/Air                   2
   c - Static Discharge               Conjuration/Air              3
   d - Airstrike                      Air                          4
   e - Lightning Bolt                 Conjuration/Air              5
Comestibles
 h - 5 fruits
 j - 5 royal jellies
 q - 3 bread rations
 C - a meat ration


   Skills:
 + Level 5.8 Fighting
 + Level 8.0 Long Blades
 + Level 7.5 Armour
 + Level 1.2 Dodging
 + Level 0.3 Stealth
 - Level 6.5 Shields
 * Level 2.0 Spellcasting
 * Level 2.5 Invocations
 + Level 0.6 Evocations


You had 11 spell levels left.
You didn't know any spells.

Dungeon Overview and Level Annotations

Branches:
Dungeon (7/15)             Temple (1/1) D:5

Altars:
Ashenzari
Cheibriados
Dithmenos
Elyvilon
Fedhas
Gozag
Hepliaklqana
Kikubaaqudgha
Makhleb
Nemelex Xobeh
Okawaru
Qazlal
Ru
Sif Muna
Trog
Uskayaw
Vehumet
Xom
Yredelemnul
Zin
The Shining One

Shops:
D:6 =

Annotations:
D:4 Gersthal's ghost, amateur DrAK


Innate Abilities, Weirdness & Mutations

You reflexively headbutt those who attack you in melee.
You have a pair of horns on your head.


Message History

Your Long Blades skill increases to level 8!
The bolt of electricity hits you!
* * * LOW HITPOINT WARNING * * *
You block the gnoll's attack. The gnoll hits you but does no damage.
Blink to where?
Press: ? - help, Dir - move target cursor You are very lightly contaminated with residual magic.
As you read the scroll of blinking, it crumbles to dust.
The hobgoblin shouts!
The electric eel shoots out a bolt of lightning at you!
The bolt of electricity hits you!
* * * LOW HITPOINT WARNING * * *
The electric eel shoots out a bolt of lightning at you!
The bolt of electricity hits you!
* * * LOW HITPOINT WARNING * * *
You hit the hobgoblin.
You kill the hobgoblin!
The electric eel shoots out a bolt of lightning at you!
The bolt of electricity hits you!
You die...

≈≈≈≈≈# #≈≈≈≈≈#
###≈≈≈≈≈# #.≈≈≈≈≈≈#
#.≈≈≈≈≈.######
###++#.≈≈≈≈≈......#
.....#.≈≈≈≈≈......###
.....'..............#
..⌠.§'.g.....)..@..∩#
....)).g............#
.....#.≈≈;≈≈......###
###''#.≈≈≈≈≈......#
....#.≈≈≈≈≈.######
.....#.≈≈≈≈≈≈#
..######≈≈≈≈≈# 8.
#≈≈≈≈≈# .. #≈≈≈≈≈#


You could see an electric eel.

Vanquished Creatures
  A water moccasin (D:5)
  2 orc warriors
  Purgy (Sewer)
  An ogre (D:7)
  2 centaurs
  2 bullfrogs (D:7)
  2 gnoll sergeants (D:5)
  A scorpion (D:5)
  A jelly (D:6)
  2 crimson imps
  2 bullfrog zombies (D:5)
  A quasit (D:7)
  A centaur zombie (D:5)
  Natasha (thrice) (D:2)
  2 iguanas (D:5)
  5 worker ants
  2 hound skeletons (D:6)
  A howler monkey zombie (D:6)
  9 gnolls
  15 adders
  An ooze (D:2)
  An adder skeleton (D:5)
  2 worms (D:2)
  3 leopard geckos
  5 orcs
  3 ball pythons
  A bat zombie (D:2)
  2 giant cockroaches
  15 goblins
  11 hobgoblins
  13 jackals
  6 kobolds
  2 quokkas
  10 bats
  9 frilled lizards
  8 rats
  A rat zombie (D:2)
149 creatures vanquished.

Vanquished Creatures (others)
  A gnoll (Bailey)
1 creature vanquished.

Grand Total: 150 creatures vanquished

Notes
Turn   | Place    | Note
-------+----------+-------------------------------------------
     0 | D:1      | KoningWillie the Minotaur Fighter began the quest for the Orb.
     0 | D:1      | Reached XP level 1. HP: 19/19 MP: 0/0
   305 | D:1      | Reached XP level 2. HP: 27/27 MP: 1/1
   944 | D:1      | Reached skill level 3 in Long Blades
   960 | D:1      | Reached XP level 3. HP: 33/33 MP: 2/2
  1565 | D:2      | Reached XP level 4. HP: 4/40 MP: 3/3
  1568 | D:2      | HP: 2/40 [poisoned by an adder]
  1576 | D:2      | HP: 1/40 [poisoned by an adder]
  1644 | D:2      | HP: 2/40 [hobgoblin (3)]
  2056 | D:2      | Noticed Natasha
  2066 | D:2      | Killed Natasha
  2096 | D:2      | Found a faded altar of an unknown god.
  2103 | D:2      | Noticed Natasha
  2118 | D:2      | Killed Natasha
  2118 | D:2      | Reached XP level 5. HP: 5/47 MP: 4/4
  2142 | D:2      | Noticed Natasha
  2146 | D:2      | HP: 2/47 [Natasha/magic dart (3)]
  2150 | D:2      | Killed Natasha
  2425 | D:2      | Reached skill level 4 in Long Blades
  2438 | D:2      | Became a worshipper of Zin the Law-Giver
  2438 | D:2      | Reached * piety under Zin
  2789 | D:2      | Found an ancient bone altar of Kikubaaqudgha.
  3021 | D:2      | Upgraded the game from 0.20.1-1-g8b1a95d to 0.20.1-1-g8b1a95d66d
  3098 | D:3      | Reached ** piety under Zin
  3211 | D:3      | Reached skill level 5 in Shields
  3377 | D:3      | Reached skill level 5 in Armour
  3572 | D:3      | Found a glowing drain.
  3585 | Sewer    | Entered a sewer
  3647 | Sewer    | Noticed Purgy
  3654 | Sewer    | Killed Purgy
  3654 | Sewer    | Reached XP level 6. HP: 53/53 MP: 5/5
  4076 | D:4      | Noticed Gersthal's ghost (amateur DrAK)
  4079 | D:5      | Entered Level 5 of the Dungeon
  4095 | D:5      | Reached skill level 5 in Long Blades
  4221 | D:5      | Found a stormy altar of Qazlal.
  4487 | D:5      | Found a burning altar of Makhleb.
  4490 | D:5      | Reached XP level 7. HP: 59/60 MP: 6/6
  4534 | D:5      | Reached skill level 5 in Fighting
  4597 | D:5      | Reached *** piety under Zin
  4685 | D:5      | Reached skill level 6 in Long Blades
  4791 | D:5      | Found a staircase to the Ecumenical Temple.
  4830 | Temple   | Entered the Ecumenical Temple
  5098 | D:5      | Reached skill level 1 in Invocations
  5414 | D:5      | Noticed a balrug
  5417 | D:5      | Noticed an orange demon
  5417 | D:5      | Noticed a ynoxinul
  5427 | D:5      | Reached XP level 8. HP: 69/69 MP: 7/7
  5631 | D:6      | Reached skill level 1 in Dodging
  5631 | D:6      | Reached skill level 1 in Spellcasting
  5754 | D:6      | Found an opulent altar of Gozag.
  5956 | D:6      | Found a glowing golden altar of the Shining One.
  6057 | D:6      | Found Vige's Jewellery Emporium.
  6131 | D:6      | Reached skill level 7 in Long Blades
  6283 | D:6      | Found a bloodstained altar of Trog.
  6283 | D:6      | Found an iron altar of Okawaru.
  6784 | D:7      | Found a flagged portal.
  6804 | Bailey   | Entered a bailey
  6861 | Bailey   | Reached skill level 8 in Long Blades
  6863 | Bailey   | HP: 2/70 [electric eel/bolt of electricity (4)]
  6868 | Bailey   | Killed from afar by an electric eel

Skill      XL: |  1  2  3  4  5  6  7  8 |
---------------+-------------------------+-----
Armour         | 4 5 6 7 |  7.5
Long Blades    | 3 4 5 6 8 |  8.0
Shields        | 4 5 6 |  6.5
Fighting       | 4 5 |  5.8
Invocations    | 1 2 |  2.5
Dodging        | 1 |  1.2
Spellcasting   | 2 |  2.0
Stealth        | |  0.3
Evocations     | |  0.6

Action                   |  1- 3 |  4- 6 |  7- 9 || total
-------------------------+-------+-------+-------++-------
Melee: Long sword        |   114 |   209 |   200 ||   523
       Headbutt          |    15 |    27 |    36 ||    78
Evoke: Wand              |       |       |     5 ||     5
  Use: Scroll            |     1 |    13 |     6 ||    20
       Potion            |       |     3 |     2 ||     5
  Eat: Bread ration      |     1 |     1 |     2 ||     4
       Meat ration       |       |     1 |       ||     1
Armor: Scale mail        |    13 |       |       ||    13
       Plate armour      |    57 |   164 |   152 ||   373
Dodge: Dodged            |    20 |    47 |    56 ||   123
Block: Shield            |    73 |   168 |   155 ||   396
       Rpst.: Long sword |     3 |    14 |    17 ||    34
